TOP OF THE 1ST |
Baltimore Orioles batting - Pitching for Texas Rangers : LHP Fernando Valenzuela
|
Pitching: LHP Fernando Valenzuela
|
|
Batting: SHB Willie McGee
|
0-0: Foul Ball, location: 2F 0-1: Fly out, F7 (Flyball, 7LM, EV 89.4 MPH)
|
Batting: SHB Mike Hart
|
0-0: Ball 1-0: Called Strike 1-1: Foul Ball, location: 2F 1-2: Ball 2-2: Foul Ball, location: 2F 2-2: Ball 3-2: Foul Ball, location: 2F 3-2: Base on Balls
|
Batting: SHB Steve R Ontiveros
|
0-0: Ball Mike Hart steals 2nd, throwing error, E2 Mike Hart to third 1-0: Ground out 6-3 (Groundball, 6, EV 86.9 MPH) Mike Hart scores
|
Batting: RHB Dwight Evans
|
0-0: Ball 1-0: Foul Ball, location: 2F 1-1: Swinging Strike 1-2: Ball 2-2: Strikes out swinging
|
Top of the 1st over - 1 run, 0 hits, 1 error, 0 left on base; Baltimore 1 - Texas 0 |
BOTTOM OF THE 1ST |
Texas Rangers batting - Pitching for Baltimore Orioles : RHP Jim Clancy
|
Pitching: RHP Jim Clancy
|
|
Batting: LHB Lenny Dykstra
|
0-0: Foul Ball, location: 2F 0-1: SINGLE (Groundball, 4D, EV 97.5 MPH)
|
Batting: RHB Kirby Puckett
|
0-0: Ball 1-0: Called Strike 1-1: Ball Lenny Dykstra steals 2nd base 2-1: Ball 3-1: Ground out 4-3 (Groundball, 4S, EV 88.8 MPH) Lenny Dykstra to third
|
Batting: RHB Steve Garvey
|
0-0: Ball 1-0: Called Strike 1-1: DOUBLE (Line Drive, 78D, EV 100.6 MPH) Lenny Dykstra scores
|
Batting: RHB Steve Balboni
|
0-0: Fly out, F8 (Line Drive, 8LD, EV 86.9 MPH)
|
Batting: LHB Jody Helser
|
0-0: Ball 1-0: Foul Ball, location: 2F 1-1: Called Strike 1-2: Ground out U3 (Groundball, 3L, EV 81.3 MPH)
|
Bottom of the 1st over - 1 run, 2 hits, 0 errors, 1 left on base; Baltimore 1 - Texas 1 |
TOP OF THE 2ND |
Baltimore Orioles batting - Pitching for Texas Rangers : LHP Fernando Valenzuela
|
Batting: RHB Ron Cey
|
0-0: Ball 1-0: SINGLE (Flyball, 78S, EV 91.3 MPH)
|
Batting: SHB Mike Henderson
|
0-0: Grounds into double play, 4-6-3 (Groundball, 4, EV 81.9 MPH)
|
Batting: RHB Mark Brouhard
|
0-0: Called Strike 0-1: Ground out 5-3 (Groundball, 5S, EV 75.0 MPH)
|
Top of the 2nd over - 0 runs, 1 hit, 0 errors, 0 left on base; Baltimore 1 - Texas 1 |
BOTTOM OF THE 2ND |
Texas Rangers batting - Pitching for Baltimore Orioles : RHP Jim Clancy
|
Batting: LHB Richie Hebner
|
0-0: Called Strike 0-1: Swinging Strike 0-2: Strikes out looking
|
Batting: LHB Ernie Whitt
|
0-0: Swinging Strike 0-1: Swinging Strike 0-2: Fly out, F7 (Flyball, 7LM, EV 76.9 MPH)
|
Batting: RHB Juan Rodriguez
|
0-0: Ball 1-0: SINGLE (Groundball, 6MS, EV 66.3 MPH) (infield hit)
|
Batting: RHB Juan Samuel
|
0-0: DOUBLE (Line Drive, 3D, EV 96.9 MPH) Juan Rodriguez to third Runner from 3rd tries for Home, SAFE, throw by RF to trailing runner, SAFE at third!
|
Batting: LHB Lenny Dykstra
|
0-0: Ball 1-0: Foul Ball, location: 2F 1-1: Ball 2-1: Foul Ball, location: 2F 2-2: Ball 3-2: Ground out 4-3 (Groundball, 4MS, EV 65.0 MPH)
|
Bottom of the 2nd over - 1 run, 2 hits, 0 errors, 1 left on base; Baltimore 1 - Texas 2 |
TOP OF THE 3RD |
Baltimore Orioles batting - Pitching for Texas Rangers : LHP Fernando Valenzuela
|
Batting: RHB Garth Iorg
|
0-0: DOUBLE (Line Drive, 7LM, EV 101.3 MPH)
|
Batting: RHB Dennis Werth
|
0-0: Called Strike 0-1: Ball 1-1: Foul Ball, location: 2F 1-2: Ball 2-2: Ball 3-2: Foul Ball, location: 2F 3-2: Fly out, F8 (Flyball, 8LS, EV 88.1 MPH)
|
Batting: SHB Willie McGee
|
0-0: Foul Ball, location: 2F 0-1: Foul Ball, location: 2F 0-2: Ball 1-2: Strikes out swinging
|
Batting: SHB Mike Hart
|
0-0: Ball 1-0: Called Strike 1-1: Ball 2-1: Fly out, F9 (Flyball, 9, EV 82.5 MPH)
|
Top of the 3rd over - 0 runs, 1 hit, 0 errors, 1 left on base; Baltimore 1 - Texas 2 |
BOTTOM OF THE 3RD |
Texas Rangers batting - Pitching for Baltimore Orioles : RHP Jim Clancy
|
Batting: RHB Kirby Puckett
|
0-0: Foul Ball, location: 2F 0-1: Swinging Strike 0-2: Strikes out looking
|
Batting: RHB Steve Garvey
|
0-0: Foul Ball, location: 2F 0-1: Swinging Strike 0-2: Ball 1-2: Ground out 4-3 (Groundball, 4, EV 78.1 MPH)
|
Batting: RHB Steve Balboni
|
0-0: Called Strike 0-1: Ball 1-1: Ball 2-1: Ball 3-1: Foul Ball, location: 2F 3-2: Strikes out swinging
|
Bottom of the 3rd over - 0 runs, 0 hits, 0 errors, 0 left on base; Baltimore 1 - Texas 2 |
TOP OF THE 4TH |
Baltimore Orioles batting - Pitching for Texas Rangers : LHP Fernando Valenzuela
|
Batting: SHB Steve R Ontiveros
|
0-0: Called Strike 0-1: Ball 1-1: Called Strike 1-2: Ball 2-2: Strikes out swinging
|
Batting: RHB Dwight Evans
|
0-0: Fly out, F7 (Line Drive, 7, EV 101.9 MPH)
|
Batting: RHB Ron Cey
|
0-0: Called Strike 0-1: Foul Ball, location: 2F 0-2: Ball 1-2: Ground out U3 (Groundball, 3S, EV 84.4 MPH)
|
Top of the 4th over - 0 runs, 0 hits, 0 errors, 0 left on base; Baltimore 1 - Texas 2 |
BOTTOM OF THE 4TH |
Texas Rangers batting - Pitching for Baltimore Orioles : RHP Jim Clancy
|
Batting: LHB Jody Helser
|
0-0: SINGLE (Groundball, 56D, EV 103.1 MPH)
|
Batting: LHB Richie Hebner
|
0-0: Ball 1-0: Ball 2-0: Ball 3-0: Called Strike 3-1: Base on Balls Jody Helser to second
|
Batting: LHB Ernie Whitt
|
0-0: Ball 1-0: Called Strike 1-1: DOUBLE (Flyball, 5D, EV 82.5 MPH) Jody Helser scores Richie Hebner to third
|
Batting: RHB Juan Rodriguez
|
0-0: Ball 1-0: Ball 2-0: Called Strike 2-1: SINGLE (Groundball, 5D, EV 95.6 MPH) Richie Hebner scores Ernie Whitt to third Runner from 3rd tries for Home, SAFE, throw by LF to home Juan Rodriguez to second
|
Batting: RHB Juan Samuel
|
0-0: Ball 1-0: SINGLE (Groundball, 5S, EV 67.5 MPH) (infield hit) Juan Rodriguez to third
|
Batting: LHB Lenny Dykstra
|
0-0: Ball 1-0: Ball 2-0: Foul Ball, location: 2F 2-1: Ball 3-1: Foul Ball, location: 2F 3-2: Strikes out swinging Juan Samuel is caught stealing 2nd base 2-6 Batter strikes out.
|
Batting: RHB Kirby Puckett
|
0-0: Ball 1-0: Ball 2-0: Ball 3-0: Base on Balls
|
Batting: RHB Steve Garvey
|
0-0: Ground out U3 (Groundball, 34, EV 105.0 MPH)
|
Bottom of the 4th over - 3 runs, 4 hits, 0 errors, 2 left on base; Baltimore 1 - Texas 5 |
TOP OF THE 5TH |
Baltimore Orioles batting - Pitching for Texas Rangers : LHP Fernando Valenzuela
|
Batting: SHB Mike Henderson
|
0-0: Ball 1-0: Ball 2-0: Foul Ball, location: 2F 2-1: Ground out 4-3 (Groundball, 4, EV 82.5 MPH)
|
Batting: RHB Mark Brouhard
|
0-0: Foul Ball, location: 2F 0-1: SINGLE (Line Drive, 7LS, EV 92.5 MPH)
|
Batting: RHB Garth Iorg
|
0-0: Called Strike 0-1: Grounds into double play, 4-6-3 (Groundball, 4S, EV 85.0 MPH)
|
Top of the 5th over - 0 runs, 1 hit, 0 errors, 0 left on base; Baltimore 1 - Texas 5 |
BOTTOM OF THE 5TH |
Texas Rangers batting - Pitching for Baltimore Orioles : RHP Jim Clancy
|
Batting: RHB Steve Balboni
|
0-0: Called Strike 0-1: Called Strike 0-2: Ball 1-2: Foul Ball, location: 2F 1-2: Strikes out swinging
|
Batting: LHB Jody Helser
|
0-0: Called Strike 0-1: Foul Ball, location: 2F 0-2: Ball 1-2: Ground out U3 (Groundball, 23, EV 85.6 MPH)
|
Batting: LHB Richie Hebner
|
0-0: Called Strike 0-1: Fly out, F7 (Line Drive, 7D, EV 105.6 MPH)
|
Bottom of the 5th over - 0 runs, 0 hits, 0 errors, 0 left on base; Baltimore 1 - Texas 5 |
TOP OF THE 6TH |
Baltimore Orioles batting - Pitching for Texas Rangers : LHP Fernando Valenzuela
|
Batting: RHB Dennis Werth
|
0-0: Ball 1-0: Ball 2-0: Foul Ball, location: 2F 2-1: DOUBLE (Flyball, 8LXD, EV 109.4 MPH)
|
Batting: SHB Willie McGee
|
0-0: Called Strike 0-1: Fly out, F4 (Line Drive, 4, EV 73.1 MPH)
|
Batting: SHB Mike Hart
|
0-0: Ball 1-0: Foul Ball, location: 2F 1-1: Called Strike 1-2: Strikes out looking
|
Batting: SHB Steve R Ontiveros
|
0-0: Called Strike 0-1: Called Strike 0-2: Ball 1-2: Foul Ball, location: 2F 1-2: Strikes out swinging
|
Top of the 6th over - 0 runs, 1 hit, 0 errors, 1 left on base; Baltimore 1 - Texas 5 |
BOTTOM OF THE 6TH |
Texas Rangers batting - Pitching for Baltimore Orioles : RHP Jim Clancy
|
Batting: LHB Ernie Whitt
|
0-0: Ball 1-0: Ball 2-0: Foul Ball, location: 2F 2-1: Ground out 4-3 (Groundball, 4D, EV 101.3 MPH)
|
Batting: RHB Juan Rodriguez
|
0-0: Called Strike 0-1: Ground out 4-3 (Groundball, 34D, EV 83.1 MPH)
|
Batting: RHB Juan Samuel
|
0-0: Called Strike 0-1: Ball 1-1: Foul Ball, location: 2F 1-2: Foul Ball, location: 2F 1-2: Ball 2-2: Ball 3-2: DOUBLE (Line Drive, 5D, EV 104.4 MPH)
|
Batting: LHB Lenny Dykstra
|
0-0: Fly out, F5 (Popup, 25F, EV 90.0 MPH)
|
Bottom of the 6th over - 0 runs, 1 hit, 0 errors, 1 left on base; Baltimore 1 - Texas 5 |
TOP OF THE 7TH |
Baltimore Orioles batting - Pitching for Texas Rangers : LHP Fernando Valenzuela
|
Batting: RHB Dwight Evans
|
0-0: Ball 1-0: Ball 2-0: Called Strike 2-1: Foul Ball, location: 2F 2-2: Strikes out swinging
|
Batting: RHB Ron Cey
|
0-0: Ball 1-0: Ball 2-0: Fly out, F4 (Popup, 4, EV 73.1 MPH)
|
Batting: SHB Mike Henderson
|
0-0: Ball 1-0: Ball 2-0: Ball 3-0: Base on Balls
|
Batting: RHB Mark Brouhard
|
0-0: Ball 1-0: Swinging Strike 1-1: Ball 2-1: Foul Ball, location: 2F 2-2: Foul Ball, location: 2F 2-2: Fly out, F8 (Flyball, 78D, EV 75.0 MPH)
|
Top of the 7th over - 0 runs, 0 hits, 0 errors, 1 left on base; Baltimore 1 - Texas 5 |
BOTTOM OF THE 7TH |
Texas Rangers batting - Pitching for Baltimore Orioles : RHP Jim Clancy
|
Batting: RHB Kirby Puckett
|
0-0: Called Strike 0-1: Ball 1-1: Ball 2-1: SINGLE (Groundball, 34D, EV 96.9 MPH)
|
Batting: RHB Steve Garvey
|
0-0: Called Strike 0-1: SINGLE (Flyball, 3D, EV 93.8 MPH) Kirby Puckett to second Runner from 2nd tries for 3rd, SAFE, throw by RF made to third
|
Batting: RHB Steve Balboni
|
0-0: Called Strike 0-1: SINGLE (Line Drive, 6MD, EV 98.8 MPH) Kirby Puckett scores Steve Garvey to second Runner from 2nd tries for 3rd, SAFE, throw by CF made to third
|
Pitching: RHP John Howell
|
|
Batting: LHB Jody Helser
|
0-0: Ball 1-0: Called Strike 1-1: Swinging Strike 1-2: Fielders Choice at 2nd, 2-4 (Groundball, 15S, EV 75.0 MPH)
|
Batting: LHB Richie Hebner
|
0-0: DOUBLE (Flyball, 8LXD, EV 96.3 MPH) Steve Garvey scores Jody Helser to third Runner from 3rd tries for Home, SAFE, throw by CF to home
|
Batting: LHB Ernie Whitt
|
0-0: Ball 1-0: Ball 2-0: Ball 3-0: Called Strike 3-1: DOUBLE (Line Drive, 89XD, EV 103.8 MPH) Richie Hebner scores
|
Batting: RHB Juan Rodriguez
|
0-0: Ball 1-0: Fly out, F8 (Flyball, 8RD, EV 89.4 MPH)
|
Batting: RHB Juan Samuel
|
0-0: Foul Ball, location: 2F 0-1: Swinging Strike 0-2: SINGLE (Flyball, 8RS, EV 97.5 MPH) Ernie Whitt to third Runner from 3rd tries for Home, SAFE, throw by CF to home
|
Batting: LHB Lenny Dykstra
|
0-0: Ball 1-0: Ball 2-0: Foul Ball, location: 2F 2-1: Foul Ball, location: 2F 2-2: Ball 3-2: Foul Ball, location: 2F 3-2: Fly out, F7 (Flyball, 7, EV 89.4 MPH)
|
Bottom of the 7th over - 5 runs, 6 hits, 0 errors, 1 left on base; Baltimore 1 - Texas 10 |
TOP OF THE 8TH |
Baltimore Orioles batting - Pitching for Texas Rangers : LHP Fernando Valenzuela
|
Batting: RHB Garth Iorg
|
0-0: Ball 1-0: Foul Ball, location: 2F 1-1: Ground out 5-3 (Groundball, 56S, EV 65.0 MPH)
|
Batting: RHB Dennis Werth
|
0-0: Called Strike 0-1: Ball 1-1: Ball 2-1: Foul Ball, location: 2F 2-2: SINGLE (Line Drive, 56D, EV 102.5 MPH)
|
Batting: SHB Willie McGee
|
0-0: Ball 1-0: Called Strike 1-1: Foul Ball, location: 2F 1-2: Ball 2-2: Strikes out swinging
|
Pitching: RHP Ed Lynch
|
|
Batting: SHB Mike Hart
|
0-0: Ball 1-0: Fielders Choice at 2nd, 6-4 (Groundball, 56, EV 103.1 MPH)
|
Top of the 8th over - 0 runs, 1 hit, 0 errors, 1 left on base; Baltimore 1 - Texas 10 |
BOTTOM OF THE 8TH |
Texas Rangers batting - Pitching for Baltimore Orioles : RHP John Howell
|
Pinch Hitting: RHB Joe Charboneau
|
0-0: Fly out, F8 (Flyball, 89S, EV 89.4 MPH)
|
Batting: RHB Steve Garvey
|
0-0: Foul Ball, location: 2F 0-1: Foul Ball, location: 2F 0-2: Ball 1-2: Strikes out swinging
|
Batting: RHB Steve Balboni
|
0-0: Called Strike 0-1: Ball 1-1: Fly out, F9 (Line Drive, 9, EV 91.3 MPH)
|
Bottom of the 8th over - 0 runs, 0 hits, 0 errors, 0 left on base; Baltimore 1 - Texas 10 |
TOP OF THE 9TH |
Baltimore Orioles batting - Pitching for Texas Rangers : RHP Ed Lynch
|
Now in RF: Joe Charboneau
|
|
Batting: SHB Steve R Ontiveros
|
0-0: Ball 1-0: Called Strike 1-1: Ball 2-1: Ball 3-1: Called Strike 3-2: Foul Ball, location: 2F 3-2: Foul Ball, location: 2F 3-2: Foul Ball, location: 2F 3-2: Base on Balls
|
Batting: RHB Dwight Evans
|
0-0: Called Strike 0-1: Called Strike 0-2: Strikes out swinging
|
Batting: RHB Ron Cey
|
0-0: Called Strike 0-1: Ball 1-1: Called Strike 1-2: Ball 2-2: Foul Ball, location: 2F 2-2: Foul Ball, location: 2F 2-2: Grounds into double play, 6-4-3 (Groundball, 6, EV 78.1 MPH)
|
Top of the 9th over - 0 runs, 0 hits, 0 errors, 0 left on base; Baltimore 1 - Texas 10 |
|